 Dungeon Crawl Stone Soup version 0.29-a0-816-g82769f0e0c (webtiles) character file.

Game seed: 1983771877900432778

28 Morbidden the Sneak (level 3, 28/28 HPs)
             Began as a Demonspawn Brigand on July 5, 2022.
             Quit the game on level 2 of the Dungeon.
             The game lasted 00:00:54 (1475 turns).

Morbidden the Sneak (Demonspawn Brigand)            Turns: 1475, Time: 00:00:54

Health: 28/28      AC:  3    Str: 11    XL:     3   Next: 0%
Magic:  3/3        EV: 12    Int: 14    God:
Gold:   71         SH:  0    Dex: 14    Spells: 3/3 levels left

rFire   . . .      SeeInvis .   a - +2 dagger
rCold   . . .      Faith    .   (no shield)
rNeg    . . .      Spirit   .   b - +0 robe
rPois   .          Reflect  .   (no helmet)
rElec   .          Harm     .   c - +0 cloak
rCorr   .          Rampage  .   (no gloves)
Will    .....                   (no boots)
Stlth   +++.......              (no amulet)
HPRegen 0.09/turn               (no ring)
MPRegen 0.08/turn               (no ring)

@: no status effects
A: demonic guardian 1, sturdy frame 1
a: no special abilities


You were on level 2 of the Dungeon.
You visited 1 branch of the dungeon, and saw 2 of its levels.

You collected 71 gold pieces.

Inventory:

Hand Weapons
 a - a +2 dagger (weapon)
Missiles
 d - 9 poisoned darts (quivered)
 e - 3 curare-tipped darts
Armour
 b - a +0 robe (worn)
 c - a +0 cloak (worn)
Scrolls
 g - a scroll of amnesia {unknown}
 h - a scroll of identify {unknown}
 j - a scroll of teleportation {unknown}
 k - a scroll of summoning {unknown}
Potions
 f - a potion of curing {unknown}
 i - a potion of lignification {unknown}


   Skills:
 * Level 2.3 Fighting
 * Level 2.0 Short Blades
 + Level 1.8 Throwing
 * Level 1.2 Dodging
 + Level 4.0 Stealth
 * Level 0.5 Spellcasting


You had 3 spell levels left.
You didn't know any spells.
Your spell library was empty.

Dungeon Overview and Level Annotations

Branches:
Dungeon (2/15)

Altars:


Innate Abilities, Weirdness & Mutations

A weak demonic guardian rushes to your aid.
Your movements are slightly less encumbered by armour. (ER -2)


Message History

A frilled lizard is nearby!
You hit the frilled lizard.
You kill the frilled lizard!
Your Stealth skill increases to level 4!
HP restored.
j - a scroll labelled GIOTWO EDAR No target in view!
A ball python is nearby!
A ball python is nearby!
A ball python is nearby!
A ball python is nearby!
A ball python is nearby!
A ball python is nearby!
The ball python hisses angrily.
The ball python closely misses you. The ball python misses you.
A ball python is nearby!
You hit the ball python.
The ball python is severely wounded.
The ball python bites you. The ball python closely misses you.
A ball python is nearby!
You hit the ball python.
You kill the ball python!
There is an open door here.
A goblin comes into view. It is wielding a +0 sling.
A goblin is nearby!
You hit the goblin.
The goblin is severely wounded.
The goblin drinks a potion.
The goblin is healed!
You hit the goblin.
You kill the goblin!
You have reached level 3!
Your experience leads to an increase in your attributes!
Increase (S)trength, (I)ntelligence, or (D)exterity?
You feel clever. x2; Your demonic ancestry asserts itself...
You feel the presence of a demonic guardian.
k - a scroll labelled GIDOUNT FEVA You now have 71 gold pieces (gained 17).
Things that are here:
a +0 sling; a +0 club; a goblin corpse Are you sure you want to abandon this character and quit the game? (Confirm with "yes".)

#.#.# #.####.# #.#.#
#.# #.######
#.#.#####.# #.##...#
###.#.......# #......#
#...############......#
#..>'.................#
#...###...#####..##...#
#...###...#####..##...#
#..............@.##...#
#..........####..##.[.#
#..........'......'...'
#..........#####..#...#
#.########## ##.# ..#
#.# ... .# #.# .... .
#.# #..## #.# #.#


There were no monsters in sight!

Vanquished Creatures
  An adder (D:2)
  A dart slug (D:1)
  A ball python (D:2)
  An endoplasm (D:2)
  A giant cockroach (D:2)
  2 goblins
  A hobgoblin (D:1)
  2 jackals (D:1)
  2 quokkas
  5 frilled lizards
17 creatures vanquished.

Notes
Turn   | Place    | Note
-------+----------+-------------------------------------------
     0 | D:1      | Morbidden the Demonspawn Brigand began the quest for the
                  | Orb.
     0 | D:1      | Reached XP level 1. HP: 16/16 MP: 1/1
   103 | D:1      | Reached skill level 1 in Dodging
   240 | D:1      | Gained mutation: Your movements are slightly less
                  | encumbered by armour. (ER -2) [demonic ancestry]
   240 | D:1      | Reached XP level 2. HP: 13/22 MP: 2/2
  1412 | D:2      | Reached skill level 4 in Stealth
  1473 | D:2      | Gained mutation: A weak demonic guardian rushes to your
                  | aid. [demonic ancestry]
  1473 | D:2      | Reached XP level 3. HP: 28/28 MP: 3/3
  1475 | D:2      | Quit the game

Illustrated notes

Levels and vault maps discovered:
D:1:      elethiomel_arrival_infinity_welcomes_careful_drivers, layout_rooms,
          kennysheep_minor_cross
D:2:      layout_basic, hellmonk_ecumenical_altar_lost_god

Skill      XL: |  1  2 |
---------------+-------+-----
Dodging        | 1 |  1.2
Short Blades   | 2 |  2.0
Stealth        | 4 |  4.0
Fighting       | |  2.3
Throwing       | |  1.8
Spellcasting   | |  0.5

Action                   || total
-------------------------++-------
Melee: Dagger            ||    60
 Stab: Sleeping          ||     4
Armor: Robe              ||    12
Dodge: Dodged            ||    39

Table legend: (Time is in decaauts)
 A = Elapsed time spent in this place.
 B = Non-inter-level travel time spent in this place.
 C = Inter-level travel time spent in this place.
 D = Time resting spent in this place.
 E = Time spent auto-exploring this place.
 F = Levels seen in this place.
 G = Mean time per level.
                   A        B        C        D        E       F      G
               +--------+--------+--------+--------+--------+-----+--------+
         Total |   1469 |   1452 |     17 |    499 |    814 |   2 |  734.5 |
       Dungeon |   1469 |   1452 |     17 |    499 |    814 |   2 |  734.5 |
               +--------+--------+--------+--------+--------+-----+--------+

Top non-repeatable levels by time:
     D:2: 790 daAuts
     D:1: 678 daAuts
